 Dungeon Crawl Stone Soup version 0.27.1 (console) character file.

Game seed: 11192415552308038293

625 Banquo the Insei (level 7, -6/58 HPs)
             Began as a Djinni Transmuter on Sept 1, 2021.
             Mangled by Pikel (18 damage)
             ... on level 5 of the Dungeon.
             The game lasted 00:23:06 (6160 turns).

Banquo the Insei (Djinni Transmuter)                Turns: 6160, Time: 00:23:07

Health: -6/58      AC:  7    Str:  9    XL:     7   Next: 76%
Gold:   197        EV: 10    Int: 17    God:
                   SH:  0    Dex: 13

rFire    x . .     SeeInvis .     - Unarmed
rCold    + + +     Faith    .   (shield currently unavailable)
rNeg     . . .     Spirit   .   (armour currently unavailable)
rPois    ∞         Reflect  .   (helmet currently unavailable)
rElec    .         Harm     .   (cloak currently unavailable)
rCorr    .         Rampage  .   (gloves currently unavailable)
Will     .....                  (boots unavailable)
Stlth    +.........             (no amulet)
HPRegen  0.19/turn              o - ring of wizardry
MPRegen  0.00/turn              (no ring)

@: ice-form, flying
A: freezing attack, flying, boosted hp, sickness immunity, large, (fire
resistance 2), (cold vulnerability 1), float, innate caster, hp casting, extra
vitality 1
a: End Transformation


You were on level 5 of the Dungeon.
You were a creature of crystalline ice.
You visited 1 branch of the dungeon, and saw 5 of its levels.

You collected 197 gold pieces.

Inventory:

Hand Weapons
 i - a +0 vampiric short sword
 q - a +0 dagger of electrocution
 r - a +0 dagger of speed
 x - a +1 dagger of venom
Missiles
 f - 79 stones
 m - 6 javelins
Armour
 a - a +0 robe (melded)
 j - a scarf of harm
 p - a +3 ring mail
 z - a +0 kite shield
Magical Staves
 y - a staff of conjuration
Jewellery
 o - a ring of wizardry (left front paw)
Scrolls
 c - a scroll of enchant armour {unknown}
 g - a scroll of immolation {unknown}
 h - 2 scrolls of enchant weapon {unknown}
 k - a scroll of acquirement {unknown}
 s - a scroll of identify {unknown}
 t - a scroll of teleportation {unknown}
 u - a scroll of amnesia {unknown}
 w - a scroll of fog {unknown}
Potions
 b - 2 potions of degeneration {unknown}
 d - a potion of brilliance {unknown}
 e - 2 potions of curing {unknown}
 l - a potion of heal wounds {unknown}
 n - a potion of might {unknown}
 v - 2 potions of flight {unknown}


   Skills:
 * Level 2.6 Fighting
 - Level 2.1 Dodging
 * Level 6.1 Unarmed Combat
 * Level 4.1 Spellcasting


You couldn't memorise any spells.
You knew the following spells:

 Your Spells              Type           Power      Damage    Failure   Level
a - Beastly Appendage     Tmut           34%        N/A       1%          1
b - Wereblood             Tmut           17%        N/A       1%          2
f - Freeze                Ice            68%        1d8       1%          1
g - Summon Guardian Gole  Hex/Summ       17%        N/A       3%          3
i - Call Imp              Summ           17%        N/A       1%          2
s - Spider Form           Tmut/Pois      8%         N/A       3%          3
Y - Ice Form              Ice/Tmut       17%        N/A       12%         4
Your spell library was empty.

Dungeon Overview and Level Annotations

Branches:
Dungeon (5/15)
 Temple: D:4-7

Altars:
Elyvilon
Fedhas
Ru
Sif Muna
Zin

Annotations:
D:3 exclusion: oklob plant
D:5 Pikel


Innate Abilities, Weirdness & Mutations

You are a creature of crystalline ice.
You have a powerful freezing melee attack.
You are flying.
Your maximum health is increased.
Your armour is entirely melded.
You are incapable of wielding weapons or throwing items.
You are immune to sickness and miasma.
You are immune to poison.
((Your flesh is very heat resistant. (rF++)))
((You are vulnerable to cold. (rC-)))
You float through the air rather than walking.
You learn spells naturally, not from books.
Your magical power is your life essence.
You have superior vitality. (+4 HP)


Message History

The spell is quite dangerous to cast (12% risk of failure)!
Continue anyway?
You turn into a creature of crystalline ice.
Your +0 robe melds into your body.
You hit Pikel. You freeze Pikel.
Pikel is lightly wounded.
Pikel hits you with a +0 whip of electrocution.
You punch Pikel! You freeze Pikel.
Pikel is moderately wounded.
Pikel hits you with a +0 whip of electrocution.
You hit Pikel but do no damage.
Pikel is moderately wounded.
Pikel misses you.
You hit Pikel but do no damage.
Pikel is moderately wounded.
Pikel hits you with a +0 whip of electrocution.
You hit Pikel. You freeze Pikel.
Pikel is heavily wounded.
Pikel hits you with a +0 whip of electrocution!
You barely miss Pikel.
Pikel is heavily wounded.
You closely miss Pikel.
Pikel is heavily wounded.
Pikel hits you with a +0 whip of electrocution.
You barely miss Pikel.
Pikel is heavily wounded.
Pikel hits you but does no damage.
You are electrocuted!!
* * * LOW HITPOINT WARNING * * *
You hit Pikel but do no damage.
Pikel is heavily wounded.
Pikel hits you with a +0 whip of electrocution.
* * * LOW HITPOINT WARNING * * *
You hit Pikel. You freeze Pikel.
Pikel is severely wounded.
Pikel closely misses you.
You punch Pikel! You freeze Pikel.
Pikel is almost dead.
Pikel hits you with a +0 whip of electrocution.
* * * LOW HITPOINT WARNING * * *
You are electrocuted!!
You die...

#.........# #...........
#.........# #...........
#.........# #...........
#.........# #...........
#.........# #...........
#.........# #...........
#........5#####...........
##'#####.55K......########
#.$.....5..#..♣♣Y♣♣...#....# #.
#.....5.K..#..♣♣≈P♣...'....#...#.
+........5.#.♣♣♣.P♣...#....#...#.
#..........♣..♣P≈♣♣.♣♣#....#...#.
#.........♣♣♣♣♣♣≈♣♣♣♣♣♣....#...#.
#>........♣ ≈≈.♣♣♣≈≈....#...#.
........... ≈≈.≈≈≈≈.....#...#.
≈≈.♣♣♣P♣...##...#. ♣♣♣♣...##...##


You could see Pikel and 3 lemures.

Vanquished Creatures
  An ice beast (D:4)
  An ogre (D:3)
  2 bullfrog zombies (D:5)
  A jelly (D:3)
  A hound (D:4)
  An orc priest (D:4)
  A bullfrog skeleton (D:4)
  An iguana (D:4)
  3 orc wizards
  5 adders
  An adder skeleton (D:4)
  3 worms
  3 dart slugs
  10 orcs
  14 endoplasms
  3 giant cockroaches
  10 goblins
  6 hobgoblins
  3 quokkas
  9 ball pythons
  3 bats
  6 frilled lizards
  11 kobolds
  8 rats
107 creatures vanquished.

Vanquished Creatures (others)
  A fungus (D:3)
  8 toadstools (D:3)
9 creatures vanquished.

Grand Total: 116 creatures vanquished

Notes
Turn   | Place    | Note
-------+----------+-------------------------------------------
     0 | D:1      | Banquo the Djinni Transmuter began the quest for the Orb.
     0 | D:1      | Reached XP level 1. HP: 17/17 MP: 0/0
    11 | D:1      | Found a faded altar of an unknown god.
   334 | D:1      | Reached XP level 2. HP: 21/22 MP: 0/0
   907 | D:1      | Reached XP level 3. HP: 26/27 MP: 0/0
   907 | D:1      | Learned a level 1 spell: Freeze
  2219 | D:2      | Reached XP level 4. HP: 18/32 MP: 0/0
  3309 | D:3      | Noticed an ogre
  3320 | D:3      | HP: 1/32 [ogre (28)]
  3931 | D:3      | Killed an ogre
  3932 | D:3      | Reached skill level 4 in Unarmed Combat
  3932 | D:3      | Reached XP level 5. HP: 36/38 MP: 0/0
  3932 | D:3      | Learned a level 2 spell: Call Imp
  4004 | D:3      | Reached XP level 6. HP: 9/43 MP: 0/0
  4773 | D:3      | Found a blossoming altar of Fedhas.
  4804 | D:3      | Noticed an oklob plant
  5020 | D:4      | Reached skill level 5 in Unarmed Combat
  5074 | D:4      | Found a sacrificial altar of Ru.
  5075 | D:4      | Found a glowing silver altar of Zin.
  5076 | D:4      | Found a white marble altar of Elyvilon.
  5285 | D:4      | Reached XP level 7. HP: 47/49 MP: 0/0
  5285 | D:4      | Learned a level 3 spell: Summon Guardian Golem
  5943 | D:5      | Entered Level 5 of the Dungeon
  5981 | D:5      | Reached skill level 6 in Unarmed Combat
  6137 | D:5      | Noticed Pikel
  6160 | D:5      | Mangled by Pikel

Illustrated notes

Levels and vault maps discovered:
D:1:      eino_arrival_druids_welcome, layout_rooms, basic_ecumenical_altar
D:2:      layout_rooms, minmay_fountain_box
D:3:      cheibrodos_fertilizer, layout_rooms, tgw_fedhas,
          kennysheep_orc_sif_temple, corexii_corridor_pit
D:4:      layout_rooms, chequers_temple_overflow_statue_of_worship
D:5:      layout_gridville, mainiacjoe_overflow_big_doors, minivault_24,
          serial_bayou_ford_a, serial_bayou_crossing, uniq_pikel, uniq_eustachio

Skill      XL: |  1  2  3  4  5  6  7 |
---------------+----------------------+-----
Spellcasting   | 2 3 4 |  4.1
Unarmed Combat | 4 5 6 |  6.1
Fighting       | 2 |  2.6
Dodging        | |  2.1

Action                   |  1- 3 |  4- 6 |  7- 9 || total
-------------------------+-------+-------+-------++-------
Melee: Unarmed           |    51 |   119 |    44 ||   214
       Headbutt          |     4 |       |       ||     4
Throw: Javelin           |       |     2 |       ||     2
 Cast: Beastly Appendage |    28 |     8 |       ||    36
       Freeze            |    38 |    25 |       ||    63
       Spider Form       |       |    14 |     2 ||    16
       Ice Form          |       |     4 |     6 ||    10
       Wereblood         |       |     1 |       ||     1
 Stab: Sleeping          |       |     3 |       ||     3
Armor: Robe              |    12 |    16 |       ||    28
       Skin              |       |     5 |    12 ||    17
Dodge: Dodged            |    64 |    96 |    17 ||   177
